 Dungeon Crawl Stone Soup version 0.26-a0-639-g72c4674329 (webtiles) character file.

Game seed: 5475200680971196502

826 Borgoz the Ducker (level 7, -8/60 HPs)
             Began as a Ghoul Gladiator on Sept 18, 2020.
             Mangled by an orc warrior
             ... wielding a +0 glaive
              (19 damage)
             ... on level 4 of the Dungeon.
             The game lasted 00:07:12 (5915 turns).

Borgoz the Ducker (Ghoul Gladiator)                 Turns: 5915, Time: 00:07:13

Health: -8/60      AC:  9    Str: 20    XL:     7   Next: 96%
Magic:  6/6        EV: 17    Int:  3    God:
Gold:   219        SH:  0    Dex: 12    Spells: 4/6 levels left

rFire    + . .     SeeInvis .     - Unarmed
rCold    + . .     Faith    .   (no shield)
rNeg     + + +     Spirit   .   w - +3 ring mail of the Lost Path {Str+2}
rPois    ∞         Reflect  .   b - +0 helmet
rElec    .         Harm     .   u - scarf {repulsion}
rCorr    .         Rampage  .   (no gloves)
MR       .....                  (no boots)
Stlth    +.........             (no amulet)
HPRegen  0.00/turn              d - ring of protection from fire
MPRegen  0.10/turn              g - +4 ring of evasion

@: hasted, repel missiles, very quick
A: rotting body, claws 1, cold resistance 1, negative energy resistance 3,
inhibited regeneration, torment resistance, unbreathing
a: no special abilities


You were on level 4 of the Dungeon.
You visited 1 branch of the dungeon, and saw 5 of its levels.

You collected 427 gold pieces.
You spent 208 gold pieces at shops.

Inventory:

Armour
 b - a +0 helmet (worn)
 h - a +1 scale mail of magic resistance
 u - a scarf of repulsion (worn)
 w - the +3 ring mail of the Lost Path (worn) {Str+2}
   (You found it on level 5 of the Dungeon)

   It affects your strength (+2).
Jewellery
 d - a ring of protection from fire (left claw)
 g - a +4 ring of evasion (right claw)
 p - the ring "Paxkix" {Ice MP+9}
   (You found it on level 4 of the Dungeon)

   [ring of ice]

   It enhances your ice magic.
   It makes you vulnerable to fire.
   It protects you from cold.
   It affects your magic capacity (+9).
 v - an uncursed ring of resist corrosion
Scrolls
 e - 2 scrolls of amnesia {unknown}
 i - 5 scrolls of teleportation {unknown}
 j - a scroll of random uselessness {unknown}
 k - a scroll of summoning {unknown}
 l - a scroll of fog {unknown}
 m - 2 scrolls of remove curse {unknown}
 n - 2 scrolls of fear
 t - 3 scrolls of immolation {unknown}
Potions
 a - a potion of stabbing
 f - a potion of magic
 o - a potion of cancellation
 s - a potion of brilliance


   Skills:
 + Level 4.7 Fighting
 - Level 1.7 Throwing
 + Level 3.2 Armour
 * Level 5.6 Dodging
 + Level 5.3 Unarmed Combat


You had 4 spell levels left.
You knew the following spells:

 Your Spells              Type           Power        Failure   Level
a - Blink                 Tloc           N/A          83%         2

Your spell library contained the following spells:

 Spells                   Type           Power        Failure   Level
 Freeze                   Ice            #...         71%         1
 Magic Dart               Conj           #...         71%         1
 Call Imp                 Summ           #.......     83%         2
 Slow                     Hex            #.......     83%         2
 Conjure Flame            Conj/Fire      #.......     97%         3
 Frozen Ramparts          Ice            #.....       97%         3
 Mephitic Cloud           Conj/Pois/Air  #.......     97%         3
 Ozocubu's Armour         Ice            #.......     97%         3
 Hailstorm                Conj/Ice       #.......     100%        4
 Summon Ice Beast         Ice/Summ       #.......     100%        4


Dungeon Overview and Level Annotations

Branches:
Dungeon (5/15)
 Temple: D:4-7

Altars:
Dithmenos
Fedhas
Sif Muna
Trog
Uskayaw
Xom
The Shining One

Shops:
D:5 [(*

Annotations:
D:4 2 runed translucent doors


Innate Abilities, Weirdness & Mutations

Your body is rotting away.
You thrive by killing the living.
You are immune to poison.
You have sharp fingernails.
Your flesh is cold resistant. (rC+)
You are immune to negative energy. (rN+++)
You do not regenerate when monsters are visible.
You are immune to unholy pain and torment.
You can survive without breathing.


Message History

Throwing (i - inventory)
c - a throwing net (quivered)
Press: ? - help, Shift-Dir - straight line, f/p - orc warrior
Aim: an orc warrior, wielding a +0 glaive and wearing a +0 chain mail (lightly wounded)
You throw a throwing net.
The throwing net barely misses the orc warrior.
The throwing net hits the hippogriff.
The orc warrior closely misses you.
Firing (i - inventory) No suitable missiles.
Press: ? - help, Shift-Dir - straight line, f/p - orc warrior
Aim: an orc warrior, wielding a +0 glaive and wearing a +0 chain mail (lightly wounded)
Okay, then.
Okay, then.
Okay, then.
Sorry, you're not good enough to have a special ability.
You scratch the orc warrior.
The orc warrior is moderately wounded.
The hippogriff struggles against the net.
You scratch the orc warrior but do no damage.
The orc warrior is moderately wounded.
The orc warrior hits you with a +0 glaive!!
You die...

###
################.#
#................#
##.#############@#
#.# #o####### #.#
#######H......#
#.#
#..........##.#
#.#
#........<.##.#
#.#
#..........##.#
#.#
#..........##.#
##### #.#
##..........##.#
#.... #.#
#..######...##.#
####....


You could see a hippogriff (caught) and an orc warrior.

Vanquished Creatures
  3 ogres
  A bullfrog (D:4)
  The ghost of Lanoc the Sneak, a weakling NaDe of Wu Jian (D:5)
  A hound (D:5)
  A jelly (D:4)
  Crazy Yiuf (D:2)
  2 orc priests
  A centaur skeleton (D:5)
  Terence (D:2)
  2 orc wizards
  A worker ant (D:4)
  4 adders
  3 gnolls (D:2)
  An ufetubus (D:4)
  2 oozes (D:4)
  3 adder skeletons (D:4)
  2 dart slugs
  3 leopard geckos
  16 orcs
  3 bats
  7 giant cockroaches
  3 goblins
  9 hobgoblins
  4 jackals
  5 kobolds
  A quokka (D:5)
  4 frilled lizards
  A leopard gecko skeleton (D:4)
  A quokka zombie (D:5)
  3 rats
90 creatures vanquished.

Vanquished Creatures (others)
  A plant (D:4)
1 creature vanquished.

Grand Total: 91 creatures vanquished

Notes
Turn   | Place    | Note
-------+----------+-------------------------------------------
     0 | D:1      | Borgoz the Ghoul Gladiator began the quest for the Orb.
     0 | D:1      | Reached XP level 1. HP: 17/17 MP: 0/0
   210 | D:1      | Reached XP level 2. HP: 25/25 MP: 1/1
   755 | D:2      | Noticed Terence
   771 | D:2      | Killed Terence
   771 | D:2      | Reached skill level 1 in Armour
   771 | D:2      | Reached XP level 3. HP: 25/30 MP: 2/2
   976 | D:2      | Found a shadowy altar of Dithmenos.
  1018 | D:2      | Found a bloodstained altar of Trog.
  1171 | D:2      | Reached XP level 4. HP: 37/37 MP: 3/3
  1207 | D:2      | Found a shimmering blue altar of Sif Muna.
  1498 | D:2      | Found a runed translucent door.
  1499 | D:2      | Noticed Crazy Yiuf
  1983 | D:2      | Killed Crazy Yiuf
  1983 | D:2      | Reached XP level 5. HP: 20/45 MP: 4/4
  3303 | D:4      | Noticed an ogre
  3315 | D:4      | Killed an ogre
  3315 | D:4      | Reached XP level 6. HP: 33/52 MP: 5/5
  3876 | D:4      | Noticed a +0 dagger
  3878 | D:4      | Noticed a +0 hand axe
  3910 | D:4      | Found a blossoming altar of Fedhas.
  3922 | D:4      | Found a shimmering altar of Xom.
  3956 | D:4      | Found a hide-covered altar of Uskayaw.
  3996 | D:4      | Reached XP level 7. HP: 48/59 MP: 6/6
  4163 | D:4      | Reached skill level 5 in Dodging
  4182 | D:4      | Found a large runed translucent door.
  4236 | D:4      | Found a large runed translucent door.
  4240 | D:4      | Noticed a hippogriff
  4246 | D:4      | Found a large runed translucent door.
  4246 | D:4      | Found a large runed translucent door.
  4374 | D:4      | Got a wavering tin ring
  4376 | D:4      | Identified the ring "Paxkix" {Ice MP+9} (You found it on
                  | level 4 of the Dungeon)
  4424 | D:4      | Reached skill level 5 in Unarmed Combat
  4714 | D:5      | Entered Level 5 of the Dungeon
  4768 | D:5      | Found a runed translucent gate.
  4768 | D:5      | Found a runed translucent gate.
  4768 | D:5      | Found a runed translucent gate.
  4769 | D:5      | Noticed Lanoc's ghost (weakling NaDe)
  4795 | D:5      | Found Esupt's Assorted Antiques.
  4871 | D:5      | Found Ronoalil's Antique Weapon Shoppe.
  4898 | D:5      | Learned a level 2 spell: Blink
  4999 | D:5      | Found a glowing golden altar of the Shining One.
  5125 | D:5      | Bought a scroll labeled BYCITT PESYIWN for 26 gold pieces
  5125 | D:5      | Bought a scroll labeled EDGHYS TUXTADASK for 26 gold pieces
  5125 | D:5      | Bought a scroll labeled XYOTAN JACZET for 26 gold pieces
  5125 | D:5      | Bought a golden ring for 130 gold pieces
  5181 | D:5      | Got a warped ring mail
  5192 | D:5      | Identified the +3 ring mail of the Lost Path {Str+2} (You
                  | found it on level 5 of the Dungeon)
  5286 | D:5      | Found Yte Ejea's Antique Armour Emporium.
  5459 | D:5      | Killed Lanoc's ghost
  5637 | D:4      | HP: 3/60 [hippogriff (3)]
  5915 | D:4      | Mangled by an orc warrior

Illustrated notes

Levels and vault maps discovered:
D:1:      wheals_arrival_linesprint, layout_rooms
D:2:      layout_loops_corners, old_standard_altar,
          nicolae_overflow_hidden_temple, trog_book, uniq_crazy_yiuf_cottage,
          uniq_terence
D:3:      layout_basic
D:4:      layout_basic, dancing_weapons_uskayaw,
          amethyst_overflow_temple_binary, serial_bayou_ford_a,
          minmay_hollow_rounded_squares
D:5:      layout_loops_ring, nicolae_tso_carved_into_rock,
          gammafunk_ghost_split, serial_shops, shop, nicolae_shop_waterfront,
          shop, roderic_roman_lattice

Skill      XL: |  1  2  3  4  5  6  7 |
---------------+----------------------+-----
Dodging        | 3 4 5 |  5.6
Armour         | 1 2 3 |  3.2
Fighting       | 3 4 |  4.7
Unarmed Combat | 4 5 |  5.3
Throwing       | |  1.7

Action                   |  1- 3 |  4- 6 |  7- 9 || total
-------------------------+-------+-------+-------++-------
Melee: Unarmed           |    77 |   217 |   139 ||   433
       Punch             |     2 |     6 |     3 ||    11
Throw: Throwing net      |       |     2 |     3 ||     5
  Use: Scroll            |       |     5 |     5 ||    10
       Potion            |       |       |     2 ||     2
 Stab: Held in net/web   |       |     1 |       ||     1
Armor: Leather armour    |     6 |       |       ||     6
       Scale mail        |    11 |    73 |    14 ||    98
       Ring mail         |       |       |    16 ||    16
Dodge: Dodged            |    33 |   112 |   120 ||   265

Table legend: (Time is in decaauts)
 A = Elapsed time spent in this place.
 B = Non-inter-level travel time spent in this place.
 C = Inter-level travel time spent in this place.
 D = Time resting spent in this place.
 E = Time spent auto-exploring this place.
 F = Levels seen in this place.
 G = Mean time per level.
                   A        B        C        D        E       F      G
               +--------+--------+--------+--------+--------+-----+--------+
         Total |   5882 |   5589 |    293 |    834 |   3937 |   5 | 1176.4 |
       Dungeon |   5882 |   5589 |    293 |    834 |   3937 |   5 | 1176.4 |
               +--------+--------+--------+--------+--------+-----+--------+

Top non-repeatable levels by time:
     D:2: 1596 daAuts
     D:4: 1520 daAuts
     D:3: 1276 daAuts
     D:5: 873 daAuts
     D:1: 615 daAuts
